 Dungeon Sprint DCSS version 0.30-a0-883-g5ad918d77d (webtiles) character file.

Game seed: 2659042628717348209

175 BigDaddyOpFi the Trooper (level 5, -14/52 HPs)
             Began as a Hill Orc Fighter on Mar 17, 2023.
             Was an Initiate of Qazlal.
             Demolished by a two-headed ogre
             ... wielding a +0 giant spiked club
              (15 damage)
             ... in the Dungeon (Sprint IX: "|||||||||||||||||||||||||||||").
             The game lasted 00:01:41 (477 turns).

BigDaddyOpFi the Trooper (Hill Orc Fighter)          Turns: 477, Time: 00:01:42

Health: -14/52     AC: 14    Str: 21    XL:     5   Next: 55%
Magic:  5/5        EV: 12    Int:  8    God:    Qazlal [......]
Gold:   0          SH:  0    Dex: 10    Spells: 4/4 levels left

rFire   . . .      SeeInvis .    n - +4 quarterstaff (heavy)
rCold   . . .      Faith    .    (shield currently unavailable)
rNeg    . . .      Spirit   .    p - +1 chain mail
rPois   .          Reflect  .    (no helmet)
rElec   .          Rampage  .    q - +0 cloak
rCorr   .          NoTele   +    o - +0 pair of gloves
Will    .....                    (no boots) Stlth
                                 (no amulet)
HPRegen 0.28/turn                r - +2 ring of evasion
MPRegen 0.09/turn                s - +2 ring of evasion

@: no status effects
A: no striking features
a: Renounce Religion


You were in the Dungeon.
You worshipped Qazlal.
Qazlal was noncommittal.
You visited 1 branch

Inventory:

Hand Weapons
 a - a +0 trident
 m - a +2 halberd of venom
 n - a +4 heavy quarterstaff (weapon)
Armour
 o - a +0 pair of gloves (worn)
 p - a +1 chain mail (worn)
 q - a +0 cloak (worn)
Jewellery
 r - a +2 ring of evasion (left hand)
 s - a +2 ring of evasion (right hand)
Wands
 l - a wand of iceblast (10)
Scrolls
 j - 2 scrolls of blinking
 k - 2 scrolls of amnesia
Potions
 d - a potion of might
 e - a potion of invisibility
 f - 2 potions of heal wounds
 g - a potion of haste
 h - 4 potions of magic
 i - 4 potions of curing


   Skills:
 + Level 7.4 Fighting
 + Level 6.3 Polearms
 + Level 6.8 Armour
 + Level 6.8 Shields
 * Level 0.0 Invocations


You had 4 spell levels left.
You didn't know any spells.
Your spell library was empty.

Dungeon Overview and Level Annotations

Branches:
Dungeon (1/1)

Altars:
Cheibriados
Dithmenos
Elyvilon
Fedhas
Gozag
Hepliaklqana
Kikubaaqudgha
Makhleb
Nemelex Xobeh
Okawaru
Qazlal
Ru
Sif Muna
Trog
Uskayaw
Vehumet
Wu Jian
Xom
Yredelemnul
Zin
The Shining One
Beogh
Jiyva
Lugonu


Message History

You see here a +0 pair of gloves.
o - a +0 pair of gloves You see here a +1 chain mail.
p - a +1 chain mail You see here a +0 cloak.
q - a +0 cloak
r - a +2 ring of evasion
s - a +2 ring of evasion
r - a +2 ring of evasion (left hand)
s - a +2 ring of evasion (right hand)
You start removing your armour.
You continue taking off your +0 scale mail. x4
You finish taking off your +0 scale mail.
You start putting on your armour.
You continue putting on your +1 chain mail. x5
You finish putting on your +1 chain mail.
You start putting on your armour.
You continue putting on your +0 pair of gloves. x4
You finish putting on your +0 pair of gloves.
You start putting on your armour.
You continue putting on your +0 cloak. x4
You finish putting on your +0 cloak.
You drop a +0 scale mail.
You drop a +0 buckler.
You open the door.
A howler monkey, a shadow, a killer bee, 2 two-headed ogres and a troll come into view.
The two-headed ogre shouts in stereo! x2; The troll shouts!
The howler monkey hoots and howls with incredible vigour!
You closely miss the howler monkey. You bludgeon the two-headed ogre!!
The two-headed ogre is heavily wounded.
The two-headed ogre hits you with a +0 giant spiked club!!
The two-headed ogre hits you with a +0 giant club!
* * * LOW HITPOINT WARNING * * *
You hit the two-headed ogre.
The two-headed ogre is severely wounded.
The two-headed ogre closely misses you.
The two-headed ogre hits you with a +0 giant club!
* * * LOW HITPOINT WARNING * * *
The two-headed ogre hits you with a +0 giant spiked club!
You die... ▓▓▓▓▓▓▓▓▓▓▓▓▓▓▓▓▓▓▓▓▓▓▓▓ _______'..)....[@OhWOyT. ▓▓▓▓▓▓▓▓▓▓▓▓▓▓▓▓▓▓▓▓▓▓▓▓

You could see 2 two-headed ogres, a troll, a shadow, a howler monkey and a killer bee.

Vanquished Creatures
  A water moccasin (D)
  A hound (D)
  An iguana (D)
  An adder (D)
  An orc (D)
  A bat (D)
  A goblin (D)
  2 quokkas (D)
  A kobold (D)
10 creatures vanquished.

Notes
Turn   | Place    | Note
-------+----------+-------------------------------------------
     0 | D        | BigDaddyOpFi the Hill Orc Fighter began the quest for the
                  | Orb.
     0 | D        | Reached XP level 1. HP: 19/19 MP: 1/1
    15 | D        | Reached skill level 4 in Fighting
    29 | D        | Noticed a water moccasin
    29 | D        | Noticed an iguana
    29 | D        | Noticed a hound
    44 | D        | Killed a water moccasin
    45 | D        | Reached skill level 6 in Fighting
    45 | D        | Reached skill level 5 in Polearms
    45 | D        | Reached XP level 2. HP: 10/31 MP: 2/2
    45 | D        | Reached XP level 3. HP: 12/38 MP: 3/3
    45 | D        | Reached XP level 4. HP: 15/45 MP: 4/4
    49 | D        | Reached XP level 5. HP: 12/51 MP: 5/5
    54 | D        | Reached skill level 7 in Fighting
   390 | D        | Found a roughly hewn altar of Beogh.
   390 | D        | Found a snail-covered altar of Cheibriados.
   390 | D        | Found a shadowy altar of Dithmenos.
   390 | D        | Found a white marble altar of Elyvilon.
   390 | D        | Found a blossoming altar of Fedhas.
   390 | D        | Found an opulent altar of Gozag.
   391 | D        | Found a hazy altar of Hepliaklqana.
   392 | D        | Found a viscous altar of Jiyva.
   393 | D        | Found an ancient bone altar of Kikubaaqudgha.
   394 | D        | Found a corrupted altar of Lugonu.
   395 | D        | Found a burning altar of Makhleb.
   396 | D        | Found a sparkling altar of Nemelex Xobeh.
   397 | D        | Found an iron altar of Okawaru.
   398 | D        | Found a stormy altar of Qazlal.
   399 | D        | Found a sacrificial altar of Ru.
   400 | D        | Found a shimmering blue altar of Sif Muna.
   401 | D        | Found a bloodstained altar of Trog.
   402 | D        | Found a hide-covered altar of Uskayaw.
   403 | D        | Found a radiant altar of Vehumet.
   404 | D        | Found an ornate altar of the Wu Jian Council.
   405 | D        | Found a shimmering altar of Xom.
   406 | D        | Became a worshipper of Qazlal Stormbringer
   407 | D        | Found a basalt altar of Yredelemnul.
   408 | D        | Found a glowing silver altar of Zin.
   409 | D        | Found a glowing golden altar of the Shining One.
   474 | D        | Noticed a two-headed ogre
   474 | D        | Noticed a shadow
   474 | D        | Noticed a two-headed ogre
   474 | D        | Noticed a troll
   477 | D        | HP: 1/52 [two-headed ogre/+0 giant spiked club (14)]
   477 | D        | Demolished by a two-headed ogre

Illustrated notes

Levels and vault maps discovered:
D:        linesprint [early_d, line_temple, items_1, d_10, items_2, lair_1,
          lair_end, items_3, orc_1, orc_end, items_4, d_15, swamp_1, shoals_1,
          snake_1, spider_1, d_20, vaults_1, items_5, swamp_end, shoals_end,
          snake_end, spider_end, vaults_end, d_27, items_6, zot_1, zot_end,
          crypt_end, forest_end, elf_end, slime_end, tomb_end, abyss_end,
          pan_hell_end]

Skill      XL: |  1  2  3  4  5 |
---------------+----------------+-----
Fighting       | 6 7 |  7.4
Polearms       | 5 6 |  6.3
Armour         | 6 |  6.8
Shields        | 6 |  6.8

Action                     |  1- 3 |  4- 6 || total
---------------------------+-------+-------++-------
  Melee: Trident           |    32 |    20 ||    52
         Quarterstaff      |       |     3 ||     3
    Use: Potion            |     2 |     1 ||     3
 Armour: Scale mail        |    14 |     8 ||    22
  Dodge: Dodged            |    22 |    14 ||    36
  Block: Buckler           |     8 |     2 ||    10

Table legend: (Time is in decaauts)
 A = Elapsed time spent in this place.
 B = Non-inter-level travel time spent in this place.
 C = Inter-level travel time spent in this place.
 D = Time resting spent in this place.
 E = Time spent auto-exploring this place.
 F = Levels seen in this place.
 G = Mean time per level.
                   A        B        C        D        E       F      G
               +--------+--------+--------+--------+--------+-----+--------+
         Total |    489 |    489 |      0 |    323 |      0 |   1 |  489.0 |
       Dungeon |    489 |    489 |      0 |    323 |      0 |   1 |  489.0 |
               +--------+--------+--------+--------+--------+-----+--------+

Top non-repeatable levels by time:
       D: 489 daAuts
